 Dungeon Crawl Stone Soup version 0.29-a0-41-g89e12c0570 (webtiles) character file.

Game seed: 2838261418359715529

632434 Peloso the Minotaur Barricade (level 26, -3/266 HPs)
             Began as a Minotaur Fighter on Feb 1, 2022.
             Was the Champion of Okawaru.
             Slain by a bone dragon (12 damage)
             ... called by a doom hound
             ... on level 10 of a ziggurat on Feb 2, 2022.
             The game lasted 03:34:14 (66637 turns).

Peloso the Minotaur Barricade (Minotaur Fighter)   Turns: 66637, Time: 03:34:16

Health: -3/266     AC: 38    Str: 35    XL:     26   Next: 83%
Magic:  23/24      EV: 17    Int:  5    God:    Okawaru [******]
Gold:   7235       SH: 33    Dex: 14    Spells: 25/25 levels left

rFire   + + .      SeeInvis +   a - +8 autumn katana {vorpal, manifold assault}
rCold   + + +      Faith    .   c - +8 tower shield of the Lily {rElec rF+ SInv}
rNeg    + + +      Spirit   .   R - +12 plate armour of Rotation {Str+3 SInv}
rPois   +          Reflect  .   f - -2 hat of the Alchemist {rElec rPois rF+ rC+ rN+ Will+ rMut rCorr}
rElec   +          Harm     .   i - scarf {repulsion}
rCorr   +          Rampage  .   y - +0 pair of gloves {Stlth+}
rMut    +                       w - +2 pair of boots {Fly}
Will    +++..                   (no amulet)
Stlth   +.........              J - ring "Uqoqelit" {*Slow rC+ rN++ Will+ Str+3}
HPRegen 0.54/turn               M - ring of Gaadulir {rC+ rN++ Int+2 Slay+2}
MPRegen 0.19/turn

@: heroic, flying, slowed, repel missiles, very slow
A: horns 2, retaliatory headbutt, talons 1, dopey 1
}: 4/15 runes: decaying, slimy, silver, gossamer
a: Renounce Religion, Heroism, Finesse, Duel


You were on level 10 of a ziggurat.
You worshipped Okawaru.
Okawaru was exalted by your worship.
You visited 11 branches of the dungeon, and saw 52 of its levels.
You visited the Abyss 1 time.
You visited 1 ziggurat, and saw 10 of its levels.
You also visited: Trove, Bailey, Gauntlet and Wizlab.

You collected 9862 gold pieces.
You spent 2627 gold pieces at shops.

Inventory:

Hand Weapons
 a - the +8 autumn katana (weapon) {vorpal, manifold assault}
   (You bought it in a shop on level 2 of the Orcish Mines)

   It sometimes launches melee attacks against multiple visible enemies.
 b - a +5 double sword of holy wrath
 s - a +4 scimitar of flaming
Armour
 c - the +8 tower shield of the Lily (worn) {rElec rF+ SInv}
   (Okawaru gifted it to you on level 5 of the Vaults)

   rF:        It protects you from fire.
   rElec:     It insulates you from electricity.
   SInv:      It lets you see invisible.
 f - the -2 hat of the Alchemist (worn) {rElec rPois rF+ rC+ rN+ Will+ rMut rCorr}
   (You found it in a Gauntlet)

   rF:        It protects you from fire.
   rC:        It protects you from cold.
   rElec:     It insulates you from electricity.
   rPois:     It protects you from poison.
   rN:        It protects you from negative energy.
   rCorr:     It protects you from acid and corrosion.
   rMut:      It protects you from mutation.
   Will:      It increases your willpower.
 i - a scarf of repulsion (worn)
 w - a +2 pair of boots of flying (worn)
 y - a +0 pair of gloves of stealth (worn)
 R - the +12 plate armour of Rotation (worn) {Str+3 SInv}
   (You bought it in a shop on level 8 of the Dungeon)

   Str:       It affects your strength (+3).
   SInv:      It lets you see invisible.
Jewellery
 h - the ring of Boing {*Corrode rElec rC+ Str+7 SInv}
   (You found it on level 9 of a ziggurat)

   [ring of protection from cold]

   Str:       It affects your strength (+7).
   rC:        It protects you from cold.
   rElec:     It insulates you from electricity.
   SInv:      It lets you see invisible.
   *Corrode:  It may corrode you when you take damage.
 m - the ring "Destor" {Fly rN+ rCorr Str+2}
   (You found it on level 9 of a ziggurat)

   [ring of flight]

   Str:       It affects your strength (+2).
   rN:        It protects you from negative energy.
   Fly:       It grants you flight.
   rCorr:     It protects you from acid and corrosion.
 n - an amulet of reflection
 q - the ring "Radol" {*Corrode Fly rElec Int+4 Dex+5}
   (You found it on level 5 of a ziggurat)

   [ring of flight]

   Int:       It affects your intelligence (+4).
   Dex:       It affects your dexterity (+5).
   rElec:     It insulates you from electricity.
   Fly:       It grants you flight.
   *Corrode:  It may corrode you when you take damage.
 J - the ring "Uqoqelit" (left hand) {*Slow rC+ rN++ Will+ Str+3}
   (You took it off a deep elf death mage on level 3 of the Elven Halls)

   [ring of protection from cold]

   Str:       It affects your strength (+3).
   rC:        It protects you from cold.
   rN:        It greatly protects you from negative energy.
   *Slow:     It may slow you when you take damage.
   Will:      It increases your willpower.
 M - the ring of Gaadulir (right hand) {rC+ rN++ Int+2 Slay+2}
   (You found it on level 11 of the Dungeon)

   [ring of protection from cold]

   Int:       It affects your intelligence (+2).
   Slay:      It affects your accuracy & damage with ranged weapons and melee
   (+2).
   rC:        It protects you from cold.
   rN:        It greatly protects you from negative energy.
Wands
 k - a wand of digging (1)
Scrolls
 d - 30 scrolls of identify
 e - 22 scrolls of teleportation
 j - 11 scrolls of immolation
 l - a scroll of holy word
 p - 6 scrolls of fog
 t - 10 scrolls of noise
 v - 5 scrolls of fear
 P - 14 scrolls of blinking
Potions
 g - 7 potions of resistance
 o - 3 potions of heal wounds
 z - 13 potions of curing
 F - 2 potions of mutation
 H - 12 potions of might
 V - 3 potions of haste


   Skills:
 O Level 27 Fighting
 + Level 2.9(21.9) Short Blades
 O Level 27 Long Blades
 + Level 6.2(11.4) Axes
 + Level 1.6(9.3) Maces & Flails
 + Level 0.8(9.0) Polearms
 + Level 0.8(6.5) Staves
 + Level 0.7(5.9) Slings
 + Level 0.5(5.5) Bows
 + Level 0.7(5.7) Crossbows
 + Level 0.4(5.6) Throwing
 + Level 26.9(27) Armour
 + Level 12.4(17.4) Dodging
 + Level 4.7(9.7) Stealth
 O Level 27 Shields
 + Level 0.7(5.7) Unarmed Combat
 + Level 0.3 Spellcasting
 + Level 0.3 Conjurations
 + Level 0.2 Hexes
 + Level 0.2 Summonings
 + Level 0.3 Necromancy
 + Level 0.3 Translocations
 + Level 0.3 Transmutations
 + Level 0.2 Fire Magic
 + Level 0.2 Ice Magic
 + Level 0.2 Air Magic
 + Level 0.3 Earth Magic
 + Level 0.2 Poison Magic
 + Level 3.2 Invocations
 + Level 4.6 Evocations


You had 25 spell levels left.
You didn't know any spells.
Your spell library contained the following spells:

 Spells                   Type           Power      Damage    Failure   Level
 Apportation              Tloc           0%         N/A       71%         1
 Beastly Appendage        Tmut           0%         N/A       73%         1
 Foxfire                  Conj/Fire      0%         2x1d4     73%         1
 Shock                    Conj/Air       0%         1d3       73%         1
 Sting                    Tmut/Pois      0%         1d3       73%         1
 Slow                     Hex            0%         N/A       75%         1
 Blink                    Tloc           0%         N/A       85%         2
 Sublimation of Blood     Necr           0%         N/A       85%         2
 Corpse Rot               Necr/Air       0%         N/A       86%         2
 Ensorcelled Hibernation  Hex/Ice        0%         N/A       86%         2
 Passwall                 Tmut/Erth      0%         N/A       86%         2
 Poisonous Vapours        Pois/Air       0%         N/A       86%         2
 Static Discharge         Conj/Air       0%         N/A       86%         2
 Wereblood                Tmut           0%         N/A       86%         2
 Conjure Flame            Conj/Fire      0%         6-21      97%         3
 Dazzling Flash           Conj/Hex       0%         N/A       97%         3
 Gell's Gravitas          Tloc           0%         N/A       97%         3
 Ignite Poison            Fire/Tmut/Pois 0%         N/A       97%         3
 Lesser Beckoning         Tloc           0%         N/A       97%         3
 Mephitic Cloud           Conj/Pois/Air  0%         N/A       97%         3
 Spider Form              Tmut/Pois      0%         N/A       97%         3
 Stone Arrow              Conj/Erth      0%         3d7       97%         3
 Teleport Other           Tloc           0%         N/A       97%         3
 Vampiric Draining        Necr           0%         2d6       97%         3
 Confusing Touch          Hex            0%         N/A       98%         3
 Inner Flame              Hex/Fire       0%         N/A       98%         3
 Ozocubu's Armour         Ice            0%         N/A       98%         3
 Swiftness                Air            0%         N/A       98%         3
 Airstrike                Air            0%         N/A       100%        4
 Cause Fear               Hex            0%         N/A       100%        4
 Dispel Undead            Necr           0%         3d6       100%        4
 Flame Wave               Conj/Fire      0%         2d4       100%        4
 Olgreb's Toxic Radiance  Pois           0%         N/A       100%        4
 Passage of Golubria      Tloc           0%         N/A       100%        4
 Petrify                  Tmut/Erth      0%         N/A       100%        4
 Sticky Flame             Conj/Fire      0%         2d3       100%        4
 Agony                    Necr           0%         N/A       100%        5
 Alistair's Intoxication  Tmut/Pois      0%         N/A       100%        5
 Borgnjor's Vile Clutch   Necr/Erth      0%         N/A       100%        5
 Fireball                 Conj/Fire      0%         3d3       100%        5
 Freezing Cloud           Conj/Ice/Air   0%         6-21      100%        5
 Irradiate                Conj/Tmut      0%         3d13      100%        5
 Lightning Bolt           Conj/Air       0%         1d11      100%        5
 Manifold Assault         Tloc           0%         N/A       100%        5
 Metabolic Englaciation   Hex/Ice        0%         N/A       100%        5
 Silence                  Hex/Air        0%         N/A       100%        5
 Yara's Violent Unravell  Hex/Tmut       0%         3d3       100%        5
 Conjure Ball Lightning   Conj/Air       0%         3x3d6     100%        6
 Dispersal                Tloc           0%         N/A       100%        6
 Eringya's Noxious Bog    Tmut/Pois      0%         N/A       100%        6
 Starburst                Conj/Fire      0%         6d3       100%        6
 Statue Form              Tmut/Erth      0%         N/A       100%        6
 Enfeeble                 Hex            0%         N/A       100%        7
 Ozocubu's Refrigeration  Ice            0%         4d5       100%        7
 Storm Form               Tmut/Air       0%         N/A       100%        7
 Borgnjor's Revivificati  Necr           0%         N/A       100%        8
 Discord                  Hex            0%         N/A       100%        8
 Disjunction              Tloc           0%         N/A       100%        8
 Ignition                 Fire           0%         3d3       100%        8
 Lehudib's Crystal Spear  Conj/Erth      0%         10d2      100%        8
 Maxwell's Capacitive Co  Air            0%         ∞         100%        8
 Necromutation            Tmut/Necr      0%         N/A       100%        8
 Death's Door             Necr           0%         N/A       100%        9
 Fire Storm               Conj/Fire      0%         5d1       100%        9
 Polar Vortex             Ice            0%         N/A       100%        9
 Animate Skeleton         Necr           Unusable   N/A       N/A         1
 Summon Small Mammal      Summ           Unusable   N/A       N/A         1
 Tukima's Dance           Hex            Unusable   N/A       N/A         3
 Animate Armour           Summ/Erth      Unusable   N/A       N/A         4
 Simulacrum               Ice/Necr       Unusable   N/A       N/A         6
 Summon Cactus Giant      Summ           Unusable   N/A       N/A         6
 Summon Hydra             Summ           Unusable   N/A       N/A         7

Dungeon Overview and Level Annotations

Branches:
Dungeon (15/15)            Temple (1/1) D:5            Lair (6/6) D:11
  Swamp (4/4) Lair:2       Spider (4/4) Lair:4        Slime (5/5) Lair:5
    Orc (2/2) D:10            Elf (3/3) Orc:2        Vaults (5/5) D:14
  Crypt (3/3) Vaults:3       Tomb (0/3) Crypt:3      Depths (4/4) D:15
    Zot (0/5) Depths:4     Bailey (visited)          WizLab (visited)
Gauntlet (visited)

Altars:
Ashenzari
Cheibriados
Dithmenos
Elyvilon
Fedhas
Gozag
Hepliaklqana
Kikubaaqudgha
Makhleb
Nemelex Xobeh
Okawaru
Qazlal
Sif Muna
Trog
Uskayaw
Vehumet
Wu Jian
Xom
Yredelemnul
Zin
The Shining One
Beogh
Jiyva

Shops:
D:4 [   D:8 !=[*?   Orc:2 !!=[(   Elf:1 *   Elf:2 (   Vaults:1 (
Vaults:2 [=(=(   Vaults:3 :   Depths:2 ?   Depths:3 (

Portals:
Hell: Depths:1 Depths:2 Depths:3 Depths:4
Abyss: Depths:3
Pandemonium: Depths:2 Depths:3

Annotations:
Lair:3 1 runed translucent door, MacCMillion's ghost, journeyman GrFi
Depths:2 1 runed translucent door


Innate Abilities, Weirdness & Mutations

You have a pair of horns on your head.
You reflexively headbutt those who attack you in melee.
You have sharp toenails.
You are dopey. (Int -2)


Message History

Okawaru accepts your kill.
You are engulfed in dark miasma.
You feel as though you will be slow longer.
* * * LOW HITPOINT WARNING * * *
You feel very sick. The doom hound bites you!
* * * LOW HITPOINT WARNING * * *
You block the doom hound's attack.
The tormentor calls on the powers of darkness!
Your body is wracked with pain!
* * * LOW HITPOINT WARNING * * *
The bone dragon completely misses you. You block the bone dragon's attack.
The bone dragon tramples you but does no damage.
The tainted leviathan hits you!!
* * * LOW HITPOINT WARNING * * *
The tainted leviathan hits you but does no damage.
Unknown command.
You recover from your berserk rage.
* * * LOW HITPOINT WARNING * * *
You feel very sick.
The doom hound is lost in a daze.
You block the tormentor's attack. The tormentor closely misses you.
The putrid mouth throws miasma at you.
The foul vapour engulfs the tainted leviathan.
The tainted leviathan completely resists.
The tormentor hits you but does no damage.
You block the tormentor's attack.
You feel better.
The bone dragon is no longer dazed.
The tainted leviathan is no longer dazed.
The doom hound bites you but does no damage.
The doom hound closely misses you. The tormentor completely misses you.
You furiously retaliate!
You headbutt the tormentor.
The tormentor hits you but does no damage.
You block the bone dragon's attack. x2; The bone dragon misses you.
You block the doom hound's attack. x2; The tormentor misses you.
You furiously retaliate!
You headbutt the tormentor.
The tormentor hits you but does no damage.
The bone dragon misses you. The bone dragon closely misses you.
The bone dragon tramples you!
You die...

▓▓.........▓▓
▓▓...........▓▓
▓▓$.........(..▓▓
▓=?.............▓▓
∩=}(.........(...▓▓
○☼°○°.....°○§☼(.∩.▓
○:|......°○§C°...▓▓
▓)°.......°☼D°2.▓▓
▓▓.......°☼Wh@.▓▓
▓▓........°.°▓▓
▓▓.........▓▓
▓▓▓▓▓▓▓▓▓▓▓


You could see a bone dragon, a tainted leviathan, a doom hound (dazed), a putrid
mouth (dazed) and a tormentor.

Vanquished Creatures
  the Royal Jelly (Slime:5)
  An ancient lich (Crypt:3)
  2 dread liches
  Sojobo (Vaults:4)
  Boris (twice) (Crypt:1 Crypt:2)
  A royal mummy (Zig:3)
  Frederick (Crypt:2)
  Bai Suzhen (Vaults:4)
  A curse toe (Crypt:3)
  Xtahua (Crypt:2)
  A caustic shrike (Zig:4)
  2 golden dragons
  Jory (Crypt:3)
  A bone dragon (Crypt:3)
  Arachne (Spider:4)
  the Enchantress (Depths:2)
  3 Tzitzimimeh
  A hellephant (Zig:5)
  A Brimstone Fiend (Zig:9)
  A pandemonium lord (Zig:9)
  Jorgrun (Orc:2)
  A Hell Sentinel (Zig:9)
  A walking crystal tome (Depths:2)
  3 tainted leviathans (Zig:10)
  2 tentacled monstrosities
  3 liches
  2 walking earthen tomes
  A walking divine tome (Depths:2)
  2 walking frostbound tomes (Depths:2)
  Mlioglotl (Spider:2)
  5 titans
  3 quicksilver dragons
  2 deep elf master archers (Elf:3)
  2 deep elf blademasters (Elf:3)
  Asterion (Spider:2)
  16 acid blobs
  8 ancient champions
  7 sphinxes
  Frances (Spider:2)
  2 tentacled starspawn
  Agnes (Elf:1)
  9 tengu reavers
  3 shadow dragons
  Roxanne (Swamp:1)
  4 storm dragons
  9 fire giants
  2 azure jellies (Slime:5)
  2 revenants
  7 rockslimes
  5 frost giants
  A fenstrider witch (Swamp:2)
  8 deep elf sorcerers
  20 vault wardens
  4 emperor scorpions
  A draconian scorcher (Depths:4)
  A demonspawn warmonger (Zig:9)
  3 balrugs
  4 cacodemons
  11 ghost moths
  3 curse skulls
  An iron dragon (Vaults:5)
  Aizul (Swamp:4)
  A caustic shrike zombie (Depths:3)
  4 deep elf elementalists
  An orc warlord (Orc:1)
  5 ghouls
  A draconian shifter (Depths:4)
  2 war gargoyles
  17 ironbound preservers
  6 caustic shrike skeletons
  6 spriggan defenders
  27 very ugly things
  12 ironbound thunderhulks
  A demonspawn blood saint (Zig:9)
  A demonspawn corrupter (Zig:9)
  A reaper (Crypt:2)
  18 stone giants
  3 green draconians (Depths:4)
  5 deep elf demonologists
  9 vampire knights
  2 black draconians (Depths:4)
  5 putrid mouths (Zig:10)
  10 quicksilver oozes
  2 demonspawn black suns
  10 eleionomae
  11 deep elf annihilators
  Azrael (D:14)
  12 dire elephants
  Nessos (Lair:6)
  8 entropy weavers
  A lorocyproca (Abyss:2)
  A white draconian (Depths:4)
  9 spark wasps
  A minotaur (Gauntlet)
  An entropy weaver (shapeshifter) (Vaults:4)
  A purple draconian (Depths:4)
  Snorg (Orc:1)
  A crystal guardian (Vaults:4)
  5 bunyips
  11 deep elf death magi
  An ettin (shapeshifter) (Vaults:5)
  11 ettins
  8 jiangshi
  5 eidola
  A green death (Abyss:2)
  8 fire dragons
  12 yaktaur captains
  2 shambling mangroves
  5 rakshasas
  3 deep elf high priests (Elf:3)
  2 quicksilver dragon skeletons
  9 boulder beetles
  Harold (Orc:1)
  28 hydras
  14 great orbs of eyes
  10 spriggan air magi
  A ghost crab (Swamp:4)
  2 peacekeepers (Vaults:4)
  37 vault guards
  A boulder beetle (shapeshifter) (Gauntlet)
  10 ice dragons
  3 spriggan skeletons (Crypt:3)
  7 jorogumos
  4 death knights
  12 centaur warriors
  6 deep troll shamans
  31 dancing weapons
  An anaconda (shapeshifter) (Depths:3)
  2 catoblepae
  A fenstrider witch skeleton (Crypt:1)
  6 ogre magi
  7 ironbound frosthearts
  4 radroaches
  5 alligators
  8 two-headed ogres
  A hell hog (Depths:2)
  6 deep troll earth magi
  2 tengu warriors
  9 death yaks
  6 spriggan berserkers
  2 vampire magi
  An orc high priest (Orc:2)
  Sonja (Orc:2)
  7 soul eaters
  2 storm dragon zombies
  2 sun demons
  16 deep elf knights
  10 iron trolls
  Nergalle (Orc:2)
  6 pharaoh ants
  2 spectral death yaks (Lair:6)
  6 shadow wraiths
  2 wretched stars (Abyss:2)
  A hell knight (Depths:2)
  2 salamander mystics
  4 sixfirhies
  2 sun moths
  4 titan skeletons
  28 skeletal warriors
  A storm dragon skeleton (Vaults:4)
  A fire crab (shapeshifter) (Elf:1)
  3 goliath frogs
  4 glowing orange brains
  2 bunyip zombies (Crypt:1)
  5 spriggan druids
  A glowing orange brain (shapeshifter) (Vaults:5)
  36 deep trolls
  A spectral anaconda (Lair:6)
  12 swamp dragons
  8 orb spiders
  5 flayed ghosts
  A ghost moth zombie (Crypt:1)
  A shadow demon (WizLab)
  A tengu zombie (Vaults:4)
  14 steelbarb worms
  10 bog bodies
  A shadow dragon zombie (Vaults:5)
  A bunyip skeleton (Crypt:1)
  22 deep elf zephyrmancers
  Pikel (D:8)
  14 wizards
  2 golden dragon skeletons
  11 deep elf archers
  17 ironbound convokers
  35 deep elf pyromancers
  An obsidian statue (Lair:6)
  7 lindwurms
  18 phantasmal warriors
  3 orc knights
  A sphinx zombie (Vaults:5)
  An eleionoma zombie (Crypt:1)
  13 necromancers
  2 shadow dragon skeletons
  9 orc sorcerers (Orc:2)
  28 wolf spiders
  6 cyclopes
  66 ugly things
  An oklob plant (Lair:2)
  A frost giant zombie (Depths:3)
  A sphinx skeleton (Vaults:3)
  A manticore (D:13)
  3 shining eyes
  A goliath frog skeleton (Crypt:2)
  An elephant (shapeshifter) (Vaults:5)
  6 salamanders
  A tengu skeleton (Vaults:3)
  5 will-o-the-wisps
  2 fire giant skeletons
  An iron dragon skeleton (Crypt:3)
  5 moths of wrath
  A black mamba (shapeshifter) (Vaults:5)
  17 vault sentinels
  7 human skeletons
  2 dire elephant zombies (Lair:6)
  A stone giant skeleton (Vaults:5)
  5 torpor snails
  4 black mambas
  A naga zombie (Crypt:1)
  17 elephants
  7 smoke demons
  An eye of devastation (Gauntlet)
  A gargoyle (D:10)
  An apocalypse crab (Abyss:2)
  An alligator snapping turtle zombie (Crypt:2)
  2 yaktaur zombies (Vaults:4)
  12 cane toads
  A red draconian zombie (Crypt:2)
  A dire elephant skeleton (Lair:6)
  An elf skeleton (Vaults:3)
  11 demonic crawlers
  A purple draconian zombie (Crypt:2)
  An unseen horror (D:13)
  5 rime drakes
  21 komodo dragons
  3 tengu conjurers
  2 hellions
  2 kobold demonologists
  3 tormentors
  A komodo dragon (shapeshifter) (Elf:2)
  24 yaktaurs
  8 freezing wraiths
  A hellwing (Depths:2)
  5 yaktaur skeletons
  A golden dragon simulacrum (Depths:3)
  3 ice devils
  11 trolls
  13 meliai
  A silent spectre (Zig:10)
  A bloated husk (Swamp:3)
  A queen bee (Spider:1)
  2 red devils
  3 polar bears
  2 wind drakes (shapeshifter)
  A hydra skeleton (Crypt:3)
  A raiju (Abyss:2)
  A wolf spider simulacrum (D:15)
  2 tengu simulacra
  7 tyrant leeches
  Prince Ribbit (D:7)
  5 large abominations
  21 tarantellas
  A dream sheep (Zig:5)
  15 hornets
  97 slime creatures
  2 spectral elephants (Lair:6)
  5 harpy skeletons
  The ghost of Tagedieb the Sneak, an amateur OpEn (D:4)
  12 blink frogs
  4 ettin skeletons (Crypt:3)
  A culicivora (shapeshifter) (Vaults:5)
  17 jumping spiders
  18 spriggans
  6 wraiths
  Sigmund (D:4)
  A black mamba zombie (Crypt:1)
  20 culicivoras
  A spriggan (shapeshifter) (D:15)
  7 air elementals
  A vampire (D:6)
  4 fire elementals
  3 wyverns
  5 water elementals
  An ice dragon skeleton (Crypt:1)
  5 ynoxinuls
  53 yaks
  4 fire bats (Lair:4)
  5 basilisks
  2 chaos spawn
  A neqoxec (WizLab)
  54 redbacks
  2 death yak simulacra (Lair:6)
  8 vampire mosquitoes
  4 wargs
  A faun zombie (Crypt:1)
  19 swamp worms
  20 water moccasins
  6 hell hounds (D:14)
  A demonspawn skeleton (Crypt:3)
  2 ice beasts
  8 swamp drakes
  A black bear (D:7)
  A floating eye (Gauntlet)
  20 orc warriors
  A sky beast (D:7)
  An ogre (shapeshifter) (Gauntlet)
  4 boggarts (Vaults:2)
  10 ogres
  4 wolves
  A snapping turtle skeleton (Crypt:1)
  14 centaurs
  4 lemures (D:8)
  3 elephant skeletons (Lair:6)
  7 small abominations
  A kobold brigand (D:7)
  2 earth elementals
  A gnoll sergeant (D:12)
  A wyvern zombie (D:9)
  5 scorpions
  19 bullfrogs
  A cyclops zombie (Crypt:3)
  A human simulacrum (Vaults:4)
  A water moccasin skeleton (D:6)
  4 elephant simulacra (Lair:6)
  7 killer bees (Spider:1)
  3 electric eels
  A polar bear skeleton (Crypt:2)
  18 wights
  5 howler monkeys
  A bullfrog zombie (D:5)
  4 centaur zombies
  A lava snake (Lair:5)
  3 jellies
  A hound (D:5)
  Crazy Yiuf (D:3)
  A gnoll shaman (D:7)
  11 orc priests
  3 centaur skeletons
  Terence (D:2)
  Ijyb (D:3)
  An iguana (D:6)
  32 orc wizards
  A killer bee zombie (D:6)
  A deep dwarf zombie (Crypt:1)
  A hound zombie (Crypt:2)
  3 mummies (Zig:3)
  2 howler monkey zombies
  7 adders
  A swamp drake zombie (Crypt:3)
  16 gnolls
  A steam dragon zombie (Crypt:1)
  A shadow imp (D:5)
  2 white imps
  2 ufetubi
  A halfling skeleton (Crypt:1)
  An iguana skeleton (Crypt:1)
  2 worms
  A barachi skeleton (Crypt:2)
  4 dart slugs
  63 orcs
  6 ball pythons
  9 endoplasms
  4 giant cockroaches (D:1)
  11 goblins
  6 hobgoblins
  5 jackals
  19 kobolds
  2 quokkas
  3 bats
  2 frilled lizards
  A kobold skeleton (Crypt:2)
  An orc skeleton (Crypt:2)
  A quokka skeleton (D:4)
  2 rats (D:2)
  A butterfly (Depths:4)
  3 starspawn tentacles
2243 creatures vanquished.

Vanquished Creatures (others)
  A rakshasa (Depths:3)
  A spriggan berserker (Swamp:4)
  A deep elf knight (Elf:2)
  A sun demon (Depths:1)
  2 wizards (Vaults:4)
  A deep elf zephyrmancer (Elf:1)
  A bloated husk (Swamp:4)
  A hornet (Swamp:4)
  A raiju (shapeshifter) (Elf:1)
  A spriggan (Swamp:3)
  A killer bee (Spider:1)
  16 foxfires
  16 fungi
  A lurking horror (Abyss:2)
  63 plants
  9 starspawn tentacles
  17 withered plants (Lair:6)
134 creatures vanquished.

Grand Total: 2377 creatures vanquished

Notes
Turn   | Place    | Note
-------+----------+-------------------------------------------
     0 | D:1      | Peloso the Minotaur Fighter began the quest for the Orb.
     0 | D:1      | Reached XP level 1. HP: 19/19 MP: 0/0
   360 | D:1      | Reached XP level 2. HP: 27/27 MP: 1/1
   504 | D:1      | Found a faded altar of an unknown god.
  1157 | D:2      | Reached XP level 3. HP: 33/33 MP: 2/2
  1261 | D:2      | Noticed Terence
  1271 | D:2      | Killed Terence
  1272 | D:2      | Reached XP level 4. HP: 15/41 MP: 3/3
  1936 | D:3      | You fall into a shaft and drop 3 floors!
  2091 | D:6      | Reached XP level 5. HP: 16/47 MP: 4/4
  2346 | D:5      | Entered Level 5 of the Dungeon
  2365 | D:5      | Reached skill level 5 in Armour
  2370 | D:5      | Found a staircase to the Ecumenical Temple.
  2375 | Temple   | Entered the Ecumenical Temple
  2552 | Temple   | Became a worshipper of Warmaster Okawaru
  2673 | D:5      | Reached XP level 6. HP: 53/53 MP: 5/5
  2714 | D:5      | Reached skill level 5 in Long Blades
  3336 | D:4      | Found Nemnickeich's Antique Armour Boutique.
  3436 | D:4      | Noticed a water moccasin
  3448 | D:4      | Killed a water moccasin
  3449 | D:4      | Reached skill level 1 in Dodging
  3449 | D:4      | Reached XP level 7. HP: 47/60 MP: 6/6
  3976 | D:3      | Reached skill level 5 in Fighting
  4016 | D:3      | Noticed Ijyb
  4024 | D:3      | Killed Ijyb
  4024 | D:3      | Reached * piety under Okawaru
  4661 | D:3      | Found a runed translucent door.
  4662 | D:3      | Noticed Crazy Yiuf
  4669 | D:3      | Killed Crazy Yiuf
  4814 | D:4      | Found a transporter.
  4815 | D:4      | Noticed Tagedieb's ghost (amateur OpEn)
  5019 | D:4      | Found a glowing silver altar of Zin.
  5173 | D:4      | Noticed Sigmund
  5186 | D:4      | Killed Sigmund
  5543 | D:5      | Reached ** piety under Okawaru
  5544 | D:5      | Reached XP level 8. HP: 58/69 MP: 7/7
  5985 | D:4      | Bought an encrusted chain mail for 228 gold pieces
  5985 | D:4      | Identified the +5 chain mail of Nikavvox {rPois rCorr} (You
                  | bought it in a shop on level 4 of the Dungeon)
  6249 | D:6      | Reached skill level 5 in Shields
  7146 | D:7      | Noticed Prince Ribbit
  7164 | D:7      | Killed Prince Ribbit
  7164 | D:7      | Reached *** piety under Okawaru
  7165 | D:7      | Reached XP level 9. HP: 75/75 MP: 8/8
  7546 | D:7      | Reached skill level 10 in Long Blades
  8165 | D:8      | Noticed Pikel
  8170 | D:8      | Killed Pikel
  8201 | D:8      | Found Nexkoew's Magic Scroll Emporium.
  8202 | D:8      | Found Egaguhir's Armour Shoppe.
  8203 | D:8      | Found Topykokhle's Assorted Antiques.
  8203 | D:8      | Found Soimyu's Jewellery Shop.
  8205 | D:8      | Found Vasegy's Antique Weapon Boutique.
  8205 | D:8      | Found Iskiam's Distillery.
  8220 | D:8      | Reached **** piety under Okawaru
  8424 | D:8      | Bought a scroll of identify for 22 gold pieces
  8424 | D:8      | Bought a scroll of noise for 11 gold pieces
  8424 | D:8      | Bought a scroll of teleportation for 33 gold pieces
  8922 | D:9      | Reached skill level 1 in Stealth
  9342 | D:9      | Reached XP level 10. HP: 82/86 MP: 3/9
  9345 | D:9      | Reached skill level 10 in Armour
  9489 | D:10     | Entered Level 10 of the Dungeon
  9505 | D:10     | Noticed a gargoyle
  9512 | D:10     | Killed a gargoyle
  9512 | D:10     | Reached ***** piety under Okawaru
  9926 | D:10     | Found a flagged portal.
  9932 | Bailey   | Entered a bailey
 10512 | D:10     | Noticed an orange demon
 10566 | D:10     | Received a gift from Okawaru
 10615 | D:10     | Identified the +3 whip of Melee {chaos, Int+9 Dex+5}
 10668 | D:10     | Found a staircase to the Orcish Mines.
 10878 | D:11     | Identified the ring of Gaadulir {rC+ rN++ Int+2 Slay+2}
 10886 | D:11     | Noticed a cyclops
 10905 | D:11     | Killed a cyclops
 10977 | D:11     | Reached XP level 11. HP: 90/97 MP: 10/10
 11182 | D:11     | Noticed a two-headed ogre
 11192 | D:11     | Killed a two-headed ogre
 11198 | D:11     | Noticed a two-headed ogre
 11207 | D:11     | Killed a two-headed ogre
 11207 | D:11     | Reached ****** piety under Okawaru
 11419 | D:11     | Identified the +6 hunting sling "Coqineas" {flame, Int+5
                  | Dex-4 SInv} (Okawaru gifted it to you on level 11 of the
                  | Dungeon)
 11419 | D:11     | Received a gift from Okawaru
 11425 | D:11     | Found a staircase to the Lair.
 11651 | Lair:1   | Entered Level 1 of the Lair of Beasts
 12150 | Lair:1   | Noticed an eight-headed hydra
 12163 | Lair:1   | Killed an eight-headed hydra
 12164 | Lair:1   | Reached skill level 10 in Fighting
 12308 | Lair:1   | Received a gift from Okawaru
 12855 | Lair:2   | Reached skill level 15 in Long Blades
 12949 | Lair:2   | Found a staircase to the Swamp.
 13161 | Lair:2   | Noticed a five-headed hydra
 13171 | Lair:2   | Killed a five-headed hydra
 13172 | Lair:2   | Reached XP level 12. HP: 69/107 MP: 8/11
 13172 | Lair:2   | Found a blossoming altar of Fedhas.
 13781 | Lair:3   | Noticed a seven-headed hydra
 13793 | Lair:3   | Killed a seven-headed hydra
 14286 | Lair:3   | Found a runed translucent door.
 14299 | Lair:3   | Found a shimmering altar of Xom.
 14299 | Lair:3   | Noticed MacCMillion's ghost (journeyman GrFi)
 14780 | D:4      | Found a transporter.
 14796 | D:4      | Killed Tagedieb's ghost
 14796 | D:4      | Identified the +9 ice dragon scales of the Shore {Rampage
                  | rPois rF- rC++ Str+6 Int-5} (Okawaru gifted it to you on
                  | level 4 of the Dungeon)
 14796 | D:4      | Received a gift from Okawaru
 14933 | D:8      | Bought the +12 plate armour of Rotation {Str+3 SInv} for
                  | 1003 gold pieces
 15057 | D:12     | Noticed a two-headed ogre
 15063 | D:12     | Killed a two-headed ogre
 15064 | D:12     | Reached skill level 1 in Maces & Flails
 15156 | D:12     | Found a gate leading to a gauntlet.
 15165 | Gauntlet | Entered a Gauntlet
 15165 | Gauntlet | Found a transporter.
 15165 | Gauntlet | Found a transporter.
 15167 | Gauntlet | Found a transporter.
 15168 | Gauntlet | Noticed a catoblepas
 15170 | Gauntlet | Found a transporter.
 15171 | Gauntlet | Found a transporter.
 15171 | Gauntlet | Found a transporter.
 15208 | Gauntlet | Found the -2 hat of the Alchemist {rElec rPois rF+ rC+ rN+
                  | Will+ rMut rCorr}
 15209 | Gauntlet | Found a transporter.
 15212 | Gauntlet | Found a transporter.
 15218 | Gauntlet | Noticed a jorogumo
 15230 | Gauntlet | Found a transporter.
 15232 | Gauntlet | Noticed an eight-headed hydra
 15232 | Gauntlet | a jorogumo changed into an eight-headed hydra
 15232 | Gauntlet | Noticed a great orb of eyes
 15232 | Gauntlet | a wolf spider changed into a great orb of eyes
 15234 | Gauntlet | Noticed a storm dragon
 15234 | Gauntlet | a great orb of eyes changed into a storm dragon
 15237 | Gauntlet | Found a transporter.
 15246 | Gauntlet | Noticed a ghost crab
 15251 | Gauntlet | Found a transporter.
 15255 | Gauntlet | Found a transporter.
 15256 | Gauntlet | Noticed a catoblepas
 15338 | Gauntlet | Reached skill level 10 in Shields
 15361 | Gauntlet | Reached skill level 5 in Dodging
 15372 | Gauntlet | Noticed a boulder beetle
 15430 | Gauntlet | Killed a boulder beetle
 15510 | Gauntlet | Identified the ring "Guyz" {Will+ Int+5 Dex-2 SInv}
 15510 | Gauntlet | Noticed a minotaur
 15521 | Gauntlet | Killed a minotaur
 15777 | D:12     | Noticed a six-headed hydra
 15784 | D:12     | Killed a six-headed hydra
 15817 | D:12     | Noticed a two-headed ogre
 15826 | D:12     | Reached XP level 13. HP: 118/118 MP: 12/12
 16183 | D:12     | Identified the +2 cloak of Pisekkoa {*Slow rElec MP+9
                  | Str-4} (Okawaru gifted it to you on level 12 of the
                  | Dungeon)
 16183 | D:12     | Received a gift from Okawaru
 16246 | D:12     | Reached skill level 1 in Short Blades
 16659 | D:13     | Identified the +1 scale mail "Ejimenoo" {rPois}
 16853 | D:13     | Noticed a war gargoyle
 16863 | D:13     | Killed a war gargoyle
 16864 | D:13     | Reached skill level 1 in Invocations
 16909 | D:13     | Noticed an ettin
 16960 | D:13     | Killed an ettin
 17669 | D:13     | Identified the +10 bardiche of the Wheel {freeze, Int+5
                  | Dex-4} (Okawaru gifted it to you on level 13 of the
                  | Dungeon)
 17669 | D:13     | Received a gift from Okawaru
 18126 | Lair:4   | Reached skill level 1 in Axes
 18296 | Lair:4   | Found a hole to the Spider Nest.
 18509 | Lair:4   | Reached XP level 14. HP: 129/129 MP: 13/13
 19144 | Lair:5   | Found a staircase to the Slime Pits.
 19203 | Lair:5   | You are sucked into a shaft and drop 1 floor!
 19203 | Lair:6   | Entered Level 6 of the Lair of Beasts
 19228 | Lair:5   | Identified the +5 kite shield of the Planets {Str+5}
                  | (Okawaru gifted it to you on level 5 of the Lair of Beasts)
 19228 | Lair:5   | Received a gift from Okawaru
 19843 | Lair:6   | Noticed Nessos
 19892 | Lair:5   | Reached skill level 15 in Armour
 19936 | Lair:6   | Killed Nessos
 20011 | Lair:6   | Reached skill level 15 in Fighting
 20087 | Lair:6   | Received a gift from Okawaru
 20298 | Lair:6   | Reached XP level 15. HP: 133/141 MP: 14/14
 20349 | Lair:6   | Identified the ring of Cynicism {Fly rN+ Str+4 Int+3}
 20464 | Lair:6   | Identified the +1 plate armour of True Grit {Int+6}
                  | (Okawaru gifted it to you on level 6 of the Lair of Beasts)
 20464 | Lair:6   | Received a gift from Okawaru
 20496 | Lair:6   | Reached skill level 15 in Shields
 20528 | Lair:6   | Identified the ring "Jupewas" {rCorr Int-4 Dex+4 Slay+2}
 21228 | Orc:1    | Entered Level 1 of the Orcish Mines
 21228 | Orc:1    | Found Donuwner's Armour Boutique.
 21696 | D:14     | Reached skill level 5 in Axes
 21878 | D:14     | Found a portal to a secret trove of treasure.
 22278 | D:14     | Received a gift from Okawaru
 22299 | D:14     | Noticed Azrael
 22334 | D:14     | Killed Azrael
 22412 | D:14     | Found a gate to the Vaults.
 22711 | D:15     | Entered Level 15 of the Dungeon
 22761 | D:14     | Received a gift from Okawaru
 22761 | D:14     | Found the +4 robe of Folly {Brilliance Will-∞ Int+8}
 23532 | D:15     | Reached XP level 16. HP: 81/152 MP: 15/15
 23532 | D:15     | Found a staircase to the Depths.
 23936 | Orc:2    | Entered Level 2 of the Orcish Mines
 23978 | Orc:2    | Found Zanobu's Weapon Shoppe.
 23978 | Orc:2    | Found a shimmering altar of Xom.
 24034 | Orc:2    | Bought the +8 autumn katana {vorpal, manifold assault} for
                  | 707 gold pieces
 24034 | Orc:2    | Found the +8 autumn katana {vorpal, manifold assault}
 24190 | Orc:2    | Found Ronainteh's Antique Armour Shoppe.
 24228 | Orc:2    | Found a radiant altar of Vehumet.
 24261 | Orc:2    | Found Fenonot's Jewellery Emporium.
 24272 | Orc:2    | Noticed Nergalle
 24274 | Orc:2    | Found an ancient bone altar of Kikubaaqudgha.
 24284 | Orc:2    | Killed Nergalle
 24305 | Orc:2    | Found Mepreneo's Distillery.
 24310 | Orc:2    | Received a gift from Okawaru
 24325 | Orc:2    | Found Nueh Afria's Distillery.
 24358 | Orc:2    | Bought a potion of heal wounds for 85 gold pieces
 24358 | Orc:2    | Bought 2 potions of might for 136 gold pieces
 24358 | Orc:2    | Bought a potion of might for 68 gold pieces
 24595 | Orc:2    | Noticed Jorgrun
 24610 | Orc:2    | Killed Jorgrun
 24623 | Orc:2    | Found a staircase to the Elven Halls.
 24726 | Orc:2    | Noticed Sonja
 24743 | Orc:2    | Killed Sonja
 24918 | Orc:1    | Noticed Snorg
 24920 | Orc:1    | Noticed Harold
 24921 | Orc:1    | Killed Snorg
 24936 | Orc:1    | Killed Harold
 25463 | Spider:1 | Entered Level 1 of the Spider Nest
 26101 | Spider:1 | Identified the +10 hunting sling of Enaig {freeze, rPois
                  | rN+ Dex-4} (Okawaru gifted it to you on level 1 of the
                  | Spider Nest)
 26101 | Spider:1 | Received a gift from Okawaru
 26724 | Spider:2 | Noticed Asterion
 26735 | Spider:2 | Killed Asterion
 27078 | Spider:2 | Noticed Frances
 27092 | Spider:2 | Killed Frances
 27164 | Spider:2 | Noticed Mlioglotl
 27174 | Spider:2 | Killed Mlioglotl
 27685 | Spider:3 | Received a gift from Okawaru
 27687 | Spider:3 | Reached XP level 17. HP: 66/163 MP: 16/16
 27937 | Spider:3 | Identified the +1 pair of boots of the Comet {rCorr Int+8}
                  | (Okawaru gifted it to you on level 3 of the Spider Nest)
 27937 | Spider:3 | Received a gift from Okawaru
 28814 | Spider:4 | Entered Level 4 of the Spider Nest
 29253 | Spider:4 | Noticed Arachne
 29274 | Spider:4 | Killed Arachne
 29593 | Spider:4 | Identified the +5 falchion of the Scorpion {holy, *Slow Fly
                  | Dex+4} (Okawaru gifted it to you on level 4 of the Spider
                  | Nest)
 29593 | Spider:4 | Received a gift from Okawaru
 29918 | Spider:4 | Received a gift from Okawaru
 30252 | Spider:4 | Got a gossamer rune of Zot
 30861 | Swamp:1  | Entered Level 1 of the Swamp
 31042 | Swamp:1  | Reached skill level 1 in Evocations
 31042 | Swamp:1  | Reached XP level 18. HP: 174/174 MP: 17/17
 31201 | Swamp:1  | Noticed Roxanne
 31226 | Swamp:1  | Killed Roxanne
 31483 | Elf:1    | Entered Level 1 of the Elven Halls
 31627 | Elf:1    | Paralysed by an air elemental for 1 turns
 31681 | Elf:1    | Noticed Agnes
 31694 | Elf:1    | Killed Agnes
 31771 | Elf:1    | You are sucked into a shaft and drop 1 floor!
 32011 | Elf:2    | Identified the +11 scimitar "Ciduw" {freeze, *Rage rPois
                  | Will+ MP+9} (Okawaru gifted it to you on level 2 of the
                  | Elven Halls)
 32011 | Elf:2    | Received a gift from Okawaru
 32160 | Elf:2    | Found a runed translucent gate.
 32160 | Elf:2    | Found a runed translucent gate.
 32161 | Elf:2    | Found a runed translucent gate.
 32364 | Elf:2    | Paralysed by an air elemental for 1 turns
 32464 | Elf:2    | Paralysed by an air elemental for 1 turns
 32469 | Elf:2    | Found Ippix's Weapon Emporium.
 32638 | Elf:2    | Received a gift from Okawaru
 33104 | Elf:1    | Found Muxkog's General Store.
 33112 | Elf:1    | Bought a scroll of magic mapping for 49 gold pieces
 33114 | Elf:1    | Cast into level 2 of the Abyss (+2 short sword of
                  | distortion)
 33183 | Abyss:2  | Found a corrupted altar of Lugonu.
 33236 | Abyss:2  | Found a stormy altar of Qazlal.
 33306 | Elf:1    | Escaped the Abyss
 33375 | Elf:1    | Found a shimmering blue altar of Sif Muna.
 33494 | Elf:1    | Paralysed by an air elemental for 1 turns
 33819 | Elf:3    | Entered Level 3 of the Elven Halls
 34144 | Elf:3    | Reached XP level 19. HP: 185/185 MP: 18/18
 34634 | Elf:3    | Received a gift from Okawaru
 34703 | Elf:3    | Identified the +9 halberd "Oleneur" {drain, Contam rElec
                  | rPois rN++}
 34703 | Elf:3    | Identified the ring "Uqoqelit" {*Slow rC+ rN++ Will+ Str+3}
 34909 | Elf:3    | Identified the +1 long sword of Ykugyur {speed, rElec Dex+3
                  | SInv}
 34960 | Elf:3    | Identified the amulet "Fogaj" {RegenMP Harm Will+ Str+4}
 35037 | Elf:3    | Received a gift from Okawaru
 35094 | Elf:3    | Identified the +10 hand crossbow of the Heavens {freeze,
                  | Str-5 Int+3}
 35209 | Elf:3    | Got the Compendium of Supportive Enchantment
 35738 | Swamp:2  | Received a gift from Okawaru
 37079 | Swamp:4  | Entered Level 4 of the Swamp
 37176 | Swamp:4  | Received a gift from Okawaru
 37392 | Swamp:4  | Noticed Aizul
 37404 | Swamp:4  | Killed Aizul
 37447 | Swamp:4  | Identified a scroll of acquirement
 37625 | Swamp:4  | Reached XP level 20. HP: 148/198 MP: 19/19
 37734 | Swamp:4  | Got a decaying rune of Zot
 38739 | Vaults:1 | Entered Level 1 of the Vaults
 38837 | Vaults:1 | Received a gift from Okawaru
 39015 | Vaults:1 | Found Ucwo's Weapon Boutique.
 39415 | Vaults:1 | Received a gift from Okawaru
 40345 | Vaults:2 | Identified the +7 hand axe of Doom {freeze, rN+} (Okawaru
                  | gifted it to you on level 2 of the Vaults)
 40345 | Vaults:2 | Received a gift from Okawaru
 41192 | Vaults:2 | Found Poisu's Jewellery Boutique.
 41234 | Vaults:2 | Found Zevvy's Antique Weapon Shoppe.
 41336 | Vaults:2 | Found Uczuf's Antique Armour Shop.
 41345 | Vaults:2 | Bought a pitted chain mail for 285 gold pieces
 41345 | Vaults:2 | Identified the +0 chain mail of Naoczurche {MP+9 Str+5}
                  | (You bought it in a shop on level 2 of the Vaults)
 41425 | Vaults:2 | Found Kafa's Jewellery Shop.
 41426 | Vaults:2 | Found Tiacal's Antique Weapon Emporium.
 41547 | Vaults:3 | Identified the +3 hat of Gravitas {Rampage Regen+} (Okawaru
                  | gifted it to you on level 3 of the Vaults)
 41547 | Vaults:3 | Received a gift from Okawaru
 41816 | Vaults:3 | Reached XP level 21. HP: 209/209 MP: 20/20
 42237 | Vaults:3 | Identified the +7 hand crossbow of Tartarus {elec, Int+3}
 42526 | Vaults:3 | Found Dudghuen's Book Shoppe.
 42689 | Vaults:3 | Found a staircase to the Crypt.
 43411 | Vaults:4 | Noticed Bai Suzhen
 43434 | Vaults:4 | Killed Bai Suzhen
 43434 | Vaults:4 | Received a gift from Okawaru
 44335 | Vaults:5 | Entered Level 5 of the Vaults
 45122 | Vaults:5 | Reached XP level 22. HP: 219/221 MP: 22/22
 45169 | Vaults:5 | Noticed a golden dragon
 45390 | Vaults:5 | Identified the +8 tower shield of the Lily {rElec rF+ SInv}
                  | (Okawaru gifted it to you on level 5 of the Vaults)
 45390 | Vaults:5 | Received a gift from Okawaru
 45394 | Vaults:5 | Killed a golden dragon
 45399 | Vaults:5 | Noticed Sojobo
 45560 | Vaults:4 | Killed Sojobo
 45775 | Vaults:5 | Identified the +2 great mace "Ymux" {spect, *Corrode rPois
                  | Stlth+}
 45857 | Vaults:5 | Identified the +9 chain mail "Tiemyz" {rN+}
 46062 | Vaults:5 | Identified the +7 lajatang of Tiola {flame, Contam Fly
                  | rCorr}
 46420 | Vaults:5 | Got a silver rune of Zot
 48280 | Crypt:1  | Entered Level 1 of the Crypt
 48380 | Crypt:1  | Identified the +11 mace "Egank" {antimagic, rPois rF++
                  | Str-2 Dex+4}
 48558 | Crypt:1  | Found a basalt altar of Yredelemnul.
 48622 | Crypt:1  | Noticed Boris
 48635 | Crypt:1  | Killed Boris
 48763 | Crypt:1  | Reached skill level 27 in Shields
 49468 | Crypt:2  | Noticed Xtahua
 49490 | Crypt:2  | Killed Xtahua
 49500 | Crypt:2  | Noticed Frederick
 49513 | Crypt:2  | Killed Frederick
 49513 | Crypt:2  | Identified the +2 robe of Daorr {Int-2 Slay+5 SInv}
                  | (Okawaru gifted it to you on level 2 of the Crypt)
 49513 | Crypt:2  | Received a gift from Okawaru
 49590 | Crypt:1  | Found a basalt altar of Yredelemnul.
 49607 | Crypt:2  | Noticed Boris
 49622 | Crypt:2  | Killed Boris
 49901 | Crypt:2  | Reached XP level 23. HP: 214/234 MP: 23/23
 50597 | Crypt:3  | Entered Level 3 of the Crypt
 50610 | Crypt:3  | Noticed an ancient lich
 50634 | Crypt:3  | Killed an ancient lich
 50731 | Crypt:3  | Noticed Jory
 50747 | Crypt:3  | Killed Jory
 51066 | Crypt:3  | Identified the +3 hand crossbow of Serifra {venom, rC+
                  | rCorr Int-3 Dex+2}
 51083 | Crypt:3  | Noticed a curse toe
 51091 | Crypt:3  | Killed a curse toe
 51463 | Crypt:3  | Found a staircase to the Tomb.
 51685 | Crypt:3  | Noticed a dread lich
 51708 | Crypt:3  | Killed a dread lich
 51730 | Crypt:3  | Identified the +1 pair of boots of the Hanged Man {rF+
                  | Dex+4} (Okawaru gifted it to you on level 3 of the Crypt)
 51730 | Crypt:3  | Received a gift from Okawaru
 51918 | Crypt:3  | Found the +7 sceptre of Torment {pain, torment}
 51934 | Crypt:3  | Identified the +4 dagger of the Jumping Messenger {protect,
                  | rElec rC+ Int+2}
 52444 | Depths:1 | Entered Level 1 of the Depths
 52985 | Depths:1 | Found a stormy altar of Qazlal.
 52987 | Depths:1 | You are sucked into a shaft and drop 1 floor!
 52993 | Depths:2 | Found Salubiqi's Magic Scroll Shoppe.
 53017 | Depths:2 | Found a one-way gate leading to the halls of Pandemonium.
 53063 | Depths:2 | Found a one-way gateway to a ziggurat.
 53094 | Depths:2 | Found a magical portal.
 53105 | WizLab   | Entered Doroklohe's Tomb
 53680 | WizLab   | Acquired 704 gold pieces
 53799 | WizLab   | Acquired the +18 shield of the Gong {rElec rN+ Will+ EV-5}
 53799 | WizLab   | Found the +18 shield of the Gong {rElec rN+ Will+ EV-5}
 54466 | D:14     | You paid a toll of 6 scrolls of fog to enter a treasure
                  | trove
 54467 | Trove    | Entered a treasure trove
 54475 | Trove    | Identified the amulet of Forau {RegenMP Int+2}
 54477 | Trove    | Identified the ring "Earthly Heaven" {Fly Dex+4}
 54481 | Trove    | Identified the ring "Vimuoxu" {Contam rElec rPois rCorr
                  | Int+3}
 54485 | Trove    | Identified the ring "Botagyg" {Wiz Int+4}
 54487 | Trove    | Identified the amulet "Iriromysh" {Faith Drain Str+2 Int+7}
 54491 | Trove    | Identified the ring "Micoqok" {AC+4 Int+7}
 54511 | D:14     | Upgraded the game from 0.29-a0-39-g581ba40fa7 to
                  | 0.29-a0-41-g89e12c0570
 54933 | Lair:1   | Acquired 620 gold pieces
 55188 | Depths:1 | Reached skill level 27 in Long Blades
 55509 | Depths:1 | Found a gateway to Hell.
 55722 | Depths:2 | Reached XP level 24. HP: 247/247 MP: 23/23
 55755 | Depths:2 | Received a gift from Okawaru
 55771 | Depths:2 | Identified the +7 shortbow "Aweiwi" {freeze, rPois rF+
                  | rCorr Str+5}
 55779 | Depths:2 | Identified the +5 long sword of Armageddon {speed, *Corrode
                  | SInv Stlth+}
 55790 | Depths:2 | Found a runed translucent door.
 55844 | Depths:2 | Reached skill level 27 in Fighting
 55943 | Depths:2 | Noticed the Enchantress
 55965 | Depths:2 | Killed the Enchantress
 56768 | Depths:3 | Found Plog's Weapon Boutique.
 56826 | Depths:3 | Identified the ring of Cuntimn {Fire rElec}
 56836 | Depths:3 | Found the ring of Shadows {Umbra +Inv Stlth+}
 56848 | Depths:2 | Found the +7 lajatang of Order {silver, rMut}
 57431 | Depths:2 | Received a gift from Okawaru
 58473 | Depths:3 | Found a one-way gate to the infinite horrors of the Abyss.
 59012 | Depths:3 | Found a broken altar of Ashenzari.
 59329 | Depths:4 | Entered Level 4 of the Depths
 59621 | Depths:4 | Found a gate to the Realm of Zot.
 59627 | Depths:4 | Reached skill level 10 in Dodging
 60332 | Depths:4 | Reached XP level 25. HP: 177/257 MP: 23/23
 60553 | Depths:4 | Found a white marble altar of Elyvilon.
 60683 | Depths:4 | Found an iron altar of Okawaru.
 61021 | Depths:4 | Received a gift from Okawaru
 61726 | Slime:1  | Entered Level 1 of the Pits of Slime
 61978 | Slime:4  | Gained mutation: You have sharp toenails. [a shining eye]
 62021 | Slime:5  | Entered Level 5 of the Pits of Slime
 62306 | Slime:5  | Noticed the Royal Jelly
 62700 | Slime:5  | Found a viscous altar of Jiyva.
 62741 | Slime:5  | Killed the Royal Jelly
 62789 | Slime:5  | Got a slimy rune of Zot
 62807 | Slime:5  | Found the +9 staff of Olgreb {rPois∞}
 62833 | Slime:5  | Identified the ring "Ceyx" {rPois rF+}
 62851 | Slime:5  | Identified the +11 flail of Subjectivity {spect, Fly}
 63160 | Slime:5  | Gained mutation: You are dopey. (Int -2) [a shining eye]
 63822 | Zig:1    | Entered Level 1 of a ziggurat
 63851 | Zig:2    | Entered Level 2 of a ziggurat
 63999 | Zig:3    | Entered Level 3 of a ziggurat
 64002 | Zig:3    | Noticed a royal mummy
 64011 | Zig:3    | Killed a royal mummy
 64019 | Zig:3    | Received a gift from Okawaru
 64036 | Zig:3    | Identified the +9 hunting sling of Arphudim {vorpal, rN+
                  | rCorr Int+3 Stlth+}
 64242 | Zig:4    | Entered Level 4 of a ziggurat
 64390 | Zig:5    | Entered Level 5 of a ziggurat
 64785 | Zig:5    | Identified the ring "Radol" {*Corrode Fly rElec Int+4
                  | Dex+5}
 64789 | Zig:5    | Identified the +8 spear "Dosuhaof" {vorpal, Will+ Stlth+}
 64899 | Zig:6    | Entered Level 6 of a ziggurat
 64959 | Zig:6    | Identified the +0 pair of boots of Resourcefulness {Rampage
                  | Regen+}
 65062 | Zig:7    | Entered Level 7 of a ziggurat
 65072 | Zig:7    | Noticed a dread lich
 65072 | Zig:7    | Found the dreamshard necklace {*Dream Drain}
 65085 | Zig:7    | Killed a dread lich
 65125 | Zig:7    | Got Movimic's Compendium of Excruciating Weightlessness
 65254 | Zig:8    | Entered Level 8 of a ziggurat
 65302 | Zig:8    | Found the +7 captain's cutlass {speed, disarm}
 65322 | Zig:8    | Reached XP level 26. HP: 236/266 MP: 6/24
 65419 | Zig:9    | Entered Level 9 of a ziggurat
 65437 | Zig:9    | Noticed Dueg the pandemonium lord
 65450 | Zig:9    | Killed Dueg the pandemonium lord
 65457 | Zig:9    | Found the +9 heavy crossbow "Sniper" {vorpal, Acc+∞ SInv}
 65471 | Zig:9    | HP: 9/266 [Tzitzimitl (27)]
 65472 | Zig:9    | HP: 2/266 [smoke demon/divine providence (8)]
 65942 | Zig:9    | Identified the ring of Boing {*Corrode rElec rC+ Str+7
                  | SInv}
 65960 | Zig:9    | Identified the ring "Destor" {Fly rN+ rCorr Str+2}
 66112 | Zig:10   | Entered Level 10 of a ziggurat
 66594 | Zig:10   | Identified the +10 scimitar of Foteve {vorpal, rElec rN+
                  | Will-} (Okawaru gifted it to you on level 10 of a ziggurat)
 66594 | Zig:10   | Received a gift from Okawaru
 66630 | Zig:10   | HP: 12/266 [poisoned by a putrid mouth (dark miasma)]
 66635 | Zig:10   | HP: 8/266 [tainted leviathan (18)]
 66636 | Zig:10   | HP: 3/266 [poisoned by a tainted leviathan (dark miasma)]
 66637 | Zig:10   | Slain by a bone dragon

Illustrated notes

Levels and vault maps discovered:
D:1:      saegor_arrival_simple_c, layout_basic,
          ebering_ecumenical_altar_abandoned
D:2:      layout_rooms, uniq_terence
D:3:      layout_basic, nicolae_figureground_sparkle, uniq_crazy_yiuf_cottage,
          uniq_ijyb
D:4:      minmay_spotlight, layout_basic, lemuel_doored_altar,
          gammafunk_ghost_smash, serial_shops, shop, uniq_sigmund
D:5:      layout_gridville, minmay_temple_entry_wispy,
          chequers_serial_rivers_room_a
D:6:      layout_loops_ring, minmay_a_box_with_orc_wizards_in_it
D:7:      layout_loops_ring, uniq_prince_ribbit1
D:8:      nicolae_cairo_tiling_large_dashed, layout_basic,
          nicolae_wooded_promenade, uniq_pikel
D:9:      layout_roguey
D:10:     layout_basic, orc_0_dummy, enter_bailey_3
D:11:     layout_rooms, david_lair_shrubbed
D:12:     layout_gridville, gauntlet_entry_generic
D:13:     minmay_ambush_box, layout_stronghold, wad_scary_box
D:14:     layout_roguey, erik_vaults_1, enter_trove_6, minmay_misc_feat_columns,
          uniq_azrael
D:15:     grunt_enter_depths_hoard, layout_cross, dk_noncrumbling_3
Temple:   mainiacjoe_temple_circle_huts
Lair:1:   layout_cave_pods, beast_lair_carwin_4, infiniplex_staircase_pool,
          serial_bayou_shore_b
Lair:2:   layout_regular_city, swamp_mist_pool, tgw_fedhas
Lair:3:   layout_regular_city, ebering_ghost_xom, infiniplex_staircase_pool_2
Lair:4:   layout_gridlike, spider_nest_entry_rubble,
          chequers_serial_rivers_micro_d, grunt_forest_large_clearing_hut
Lair:5:   layout_gridlike, minmay_slime_entry_oklob_open,
          eino_small_chamber_without_monster, beast_lair_carwin_6
Lair:6:   due_jungle_book, layout_gridlike, uniq_nessos
Swamp:1:  layout_falls_marsh, evilmike_swamp_ruin_house_2, swamp_pool2,
          nicolae_swamp_bean_lake, uniq_roxanne
Swamp:2:  layout_basic_swamp, evilmike_swamp_ruin_house_5, swamp_pool2,
          statue_in_the_mist_lemuel
Swamp:3:  layout_falls_marsh, evilmike_swamp_ruin_rubble_2
Swamp:4:  swamp_basic_johnstein, layout_basic_swamp, uniq_aizul
Spider:1: nicolae_spider_hilbert_zone_4 [nicolae_spider_hilbert_4_sides_2_open,
          nicolae_spider_hilbert_4_sides_1_open,
          nicolae_spider_hilbert_4_sides_1_open,
          nicolae_spider_hilbert_4_sides_1_open,
          nicolae_spider_hilbert_4_sides_1_open,
          nicolae_spider_hilbert_2_sides_1_open,
          nicolae_spider_hilbert_2_sides_1_open,
          nicolae_spider_hilbert_2_sides_1_open,
          nicolae_spider_hilbert_2_sides_1_open,
          nicolae_spider_hilbert_6_sides_1_open,
          nicolae_spider_hilbert_6_sides_1_open,
          nicolae_spider_hilbert_3_sides_1_open,
          nicolae_spider_hilbert_3_sides_1_open], special_room
          [special_room_bee]
Spider:2: layout_chambers, uniq_frances, uniq_mlioglotl, uniq_asterion
Spider:3: layout_spider_delve, hellmonk_motheaten_closet
Spider:4: johnstein_spider_rune_arachne_lair
Slime:1:  layout_caves
Slime:2:  layout_caves
Slime:3:  layout_caves
Slime:4:  layout_caves
Slime:5
Orc:1:    layout_caves, serial_shops, shop, minmay_orc_barracks, uniq_snorg,
          uniq_harold
Orc:2:    kennysheep_orc_mage_school, layout_diamond_mine, basic_altar,
          serial_shops, nicolae_shop_advertising_works
          [nicolae_subvault_shop_adworks], uniq_jorgrun, uniq_sonja
Elf:1:    minmay_elf_arrival_plus, layout_geoelf_diagonals, basic_altar,
          serial_shops, shop, evilmike_minifort, uniq_agnes
Elf:2:    elven_hall_of_blades_hangedman_original
          [nicolae_blade_entry_crossed_weapons], layout_geoelf_octagon,
          serial_shops, shop
Elf:3:    minmay_elf_hall_dome, layout_geoelf_octagon, minivault_14,
          st_stairs_14
Vaults:1: grunt_vaults_bifocal, v_misc_17, st_spiral_rooms,
          nicolae_vaults_diagonal_hallway_8, hangedman_vaults_corner,
          v_pattern_4, ontoclasm_vaults_decontamination, vaults_dpeg_ring,
          vaults_mumra_lcd, nicolae_vaults_rhombus_6, layout_vaults_omnigrid,
          serial_shops, shop
Vaults:2: v_pattern_2, ontoclasm_vaults_shuriken, st_octagons_2, v_misc_8,
          nicolae_vaults_network_square, vaults_room_octagon, v_misc_3,
          nicolae_vaults_circle_grid_b, nicolae_vaults_angled_halls,
          hangedman_vaults_pinch, ontoclasm_vaults_ring_small,
          layout_vaults_maze_bifur, serial_shops, shop,
          nicolae_shop_overgrown_old_shop, shop, nicolae_shop_waterfront,
          nicolae_shop_stone
Vaults:3: v_misc_32, v_misc_19, grunt_vaults_trifunnel,
          nicolae_vaults_shelves_hall, minmay_crypt_entry_skeletal_spiral,
          nicolae_vaults_windows_and_doors_thing,
          nicolae_vaults_network_periphery, hangedman_vaults_maws,
          ontoclasm_vaults_ring_small, vaults_room_pools,
          nicolae_vaults_mini_display_case, ontoclasm_vaults_loading_screen,
          layout_vaults_big_room, serial_shops, shop
Vaults:4: hangedman_vaults_trim, nicolae_vaults_network_quincunx
          [nicolae_vaults_network_quincunx_subvault,
          nicolae_vaults_network_quincunx_subvault,
          nicolae_vaults_network_quincunx_subvault,
          nicolae_vaults_network_quincunx_subvault,
          nicolae_vaults_network_quincunx_subvault], v_pattern_3, v_misc_15,
          nicolae_vaults_sealed_display, serial_ice_m, vaults_room_fours,
          vaults_mumra_minichess_inversion, v_misc_23, vaults_dpeg_spiral,
          vaults_dpeg_encased_lava, layout_vaults_omnicross, uniq_bai_suzhen
Vaults:5: serial_shops, uniq_sojobo
Crypt:1:  layout_chaotic_city, basic_altar, grunt_ministairs_4,
          grunt_crypt_arrival_split, lemuel_upstairs_altar, uniq_boris
Crypt:2:  layout_basic, grunt_megastairs_1, uniq_frederick, uniq_xtahua
Crypt:3:  due_elkab, layout_chaotic_city, uniq_jory
Depths:1: layout_gridlike, nrook_mini_vaults, lightli_too_deep, st_stairs_9,
          grunt_qazlal_sundering
Depths:2: minmay_the_grid_triangle_9x9_recursive_2
          [minmay_the_grid_triangle_9x9_prize_insulated,
          minmay_the_grid_triangle_9x9_odd_lines,
          minmay_the_grid_triangle_9x9_subtriangle,
          minmay_the_grid_triangle_9x9_windchime], layout_gridlike,
          enter_ziggurat_a, mu_enter_wizlab_7, hellmouth_1,
          rand_demon_pan_entry_3, serial_shops, shop_statue,
          minmay_staircase_bubble, firewood_loft, uniq_enchantress
Depths:3: grunt_crosshair, layout_gridville, evilmike_ruin_ashenzari,
          abyss_entry_small_statue_room, grunt_pan_entry_in_and_out, hell_entry,
          minivault_10, minmay_shop_star, minmay_staircase_statues
Depths:4: grunt_x_marks_the_spot, layout_gridlike,
          nicolae_elyvilon_peaceful_grove, grunt_hell_entry_dis_grunt,
          st_stairs_1, okawaru_ov_weapons_minmay
Zig:10

Skill      XL: |  1  2  3  4  5  6  7  8  9 10 11 12 13 14 15 16 17 18 19 20 21 22 23 24 25 26 |
---------------+-------------------------------------------------------------------------------+-----
Shields        | 4 5 6 7 9 10 12 14 17 18 20 22 23 24 26 27 | 27.0
Fighting       | 4 5 6 7 9 10 12 13 15 16 17 18 20 21 22 23 25 26 27 | 27.0
Armour         | 4 5 6 7 9 10 12 13 14 15 16 17 18 19 20 23 26 | 26.9
Long Blades    | 3 4 5 7 9 11 13 15 16 17 18 19 20 22 23 24 25 27 | 27.0
Dodging        | 1 2 3 4 5 6 7 8 10 12 | 12.4
Stealth        | 1 2 4 |  4.7
Maces & Flails | 1 |  1.6
Short Blades   | 2 |  2.9
Invocations    | 1 2 3 |  3.2
Axes           | 2 4 6 |  6.2
Evocations     | 1 2 4 |  4.6
Polearms       | |  0.8
Staves         | |  0.8
Slings         | |  0.7
Bows           | |  0.5
Crossbows      | |  0.7
Throwing       | |  0.4
Unarmed Combat | |  0.7
Spellcasting   | |  0.3
Conjurations   | |  0.3
Hexes          | |  0.2
Summonings     | |  0.2
Necromancy     | |  0.3
Translocations | |  0.3
Transmutations | |  0.3
Fire Magic     | |  0.2
Ice Magic      | |  0.2
Air Magic      | |  0.2
Earth Magic    | |  0.3
Poison Magic   | |  0.2

Action                   |  1- 3 |  4- 6 |  7- 9 | 10-12 | 13-15 | 16-18 | 19-21 | 22-24 | 25-27 || total
-------------------------+-------+-------+-------+-------+-------+-------+-------+-------+-------++-------
Melee: Long sword        |    77 |    90 |   306 |       |       |       |       |       |       ||   473
       Headbutt          |    11 |    14 |    65 |   124 |   329 |   306 |   412 |   549 |   184 ||  1994
       Scimitar          |       |       |    15 |   474 |  1017 |    53 |   125 |       |       ||  1684
       Whip              |       |       |       |    20 |       |       |       |       |       ||    20
       Rapier            |       |       |       |     3 |     9 |       |       |       |       ||    12
       Hand axe          |       |       |       |       |    90 |       |       |       |       ||    90
       Katana            |       |       |       |       |       |  1573 |  1642 |  2276 |   706 ||  6197
Invok: Heroism           |       |       |       |     8 |     2 |     5 |     5 |     6 |    11 ||    37
Evoke: Wand              |       |       |       |     1 |     7 |     3 |     1 |    16 |       ||    28
  Use: Potion            |       |       |     1 |     1 |       |     3 |     1 |     8 |    20 ||    34
       Scroll            |       |       |     7 |    17 |     1 |     2 |     6 |     9 |     8 ||    50
 Stab: Petrified         |       |       |       |       |       |       |       |       |     1 ||     1
Armor: Scale mail        |    46 |     1 |       |       |       |       |       |       |       ||    47
       Chain mail        |       |    50 |   167 |   214 |       |       |       |       |       ||   431
       Plate armour      |       |       |       |    59 |   703 |   655 |   610 |   463 |   318 ||  2808
Dodge: Dodged            |    50 |    31 |    91 |   235 |   446 |   399 |   444 |   338 |   178 ||  2212
       Repelled          |       |       |       |       |       |    19 |    12 |     9 |    16 ||    56
Block: Buckler           |    19 |    21 |    67 |   165 |   182 |       |       |       |       ||   454
       Kite shield       |       |       |       |       |   701 |  1345 |  1347 |   167 |       ||  3560
       Tower shield      |       |       |       |       |       |       |       |  1840 |   765 ||  2605
       Reflection        |       |       |       |       |       |       |       |    20 |    12 ||    32

Table legend: (Time is in decaauts)
 A = Elapsed time spent in this place.
 B = Non-inter-level travel time spent in this place.
 C = Inter-level travel time spent in this place.
 D = Time resting spent in this place.
 E = Time spent auto-exploring this place.
 F = Levels seen in this place.
 G = Mean time per level.
                   A        B        C        D        E       F      G
               +--------+--------+--------+--------+--------+-----+--------+
         Total |  64685 |  57723 |   6962 |   6338 |  33538 |  67 |  965.4 |
       Dungeon |  18013 |  14664 |   3349 |    695 |  10554 |  15 | 1200.9 |
        Temple |    204 |    204 |      0 |      0 |    157 |   1 |  204.0 |
          Lair |   8417 |   7448 |    969 |     18 |   4252 |   6 | 1402.8 |
         Swamp |   2779 |   2619 |    160 |    138 |   1711 |   4 |  694.8 |
   Spider Nest |   5055 |   4849 |    206 |    550 |   3087 |   4 | 1263.8 |
    Slime Pits |   1421 |   1369 |     52 |    420 |    296 |   5 |  284.2 |
  Orcish Mines |   1707 |   1495 |    212 |      0 |    925 |   2 |  853.5 |
   Elven Halls |   3719 |   3550 |    169 |    220 |   1905 |   3 | 1239.7 |
        Vaults |   8280 |   7129 |   1151 |    586 |   4443 |   5 | 1656.0 |
         Crypt |   3684 |   3357 |    327 |     76 |   2151 |   3 | 1228.0 |
        Depths |   6889 |   6528 |    361 |   1203 |   3769 |   4 | 1722.2 |
         Abyss |    173 |    173 |      0 |      0 |     75 |   1 |  173.0 |
      Ziggurat |   2796 |   2796 |      0 |   2065 |      0 |  10 |  279.6 |
         Trove |     40 |     40 |      0 |      0 |      0 |   1 |   40.0 |
        Bailey |    437 |    437 |      0 |     75 |     97 |   1 |  437.0 |
        Wizlab |    672 |    672 |      0 |    258 |     55 |   1 |  672.0 |
      Gauntlet |    391 |    391 |      0 |     34 |     61 |   1 |  391.0 |
               +--------+--------+--------+--------+--------+-----+--------+

Top non-repeatable levels by time:
  Lair:1: 3141 daAuts
Depths:2: 2561 daAuts
Vaults:4: 2010 daAuts
    D:13: 1974 daAuts
Depths:4: 1789 daAuts
Vaults:3: 1760 daAuts
Vaults:1: 1749 daAuts
Spider:2: 1692 daAuts
Spider:4: 1684 daAuts
   Elf:3: 1602 daAuts
    D:14: 1517 daAuts
     D:4: 1494 daAuts
Depths:3: 1471 daAuts
 Crypt:3: 1429 daAuts
Vaults:5: 1382 daAuts
